BSA
SO CAL HENVY @ NEW YORK KNIGHTS
09/04/2026
 
TOP OF THE 1ST
So Cal Henvy batting - Pitching for New York Knights : LHP Hong-ryul Yun
Pitching: LHP Hong-ryul Yun
Batting: SHB Miguel González 0-0: Called Strike
0-1: Ball
1-1: Ball
2-1: Ball
3-1: Foul Ball, location: 2F
3-2: Base on Balls
Batting: RHB Earl Wiggins 0-0: Ball
1-0: Swinging Strike
1-1: Ball
2-1: Ball
3-1: Grounds into double play, 6-4-3 (Groundball, 6)
Batting: LHB John Peterson 0-0: Foul Ball, location: 2F
0-1: Ball
1-1: Ball
2-1: Called Strike
2-2: Ball
3-2: Fly out, F8 (Flyball, 8RM)
Top of the 1st over - 0 run(s), 0 hit(s), 0 error(s), 0 left on base; So Cal 0 - New York 0
BOTTOM OF THE 1ST
New York Knights batting - Pitching for So Cal Henvy : RHP Alejandro Méndez
Pitching: RHP Alejandro Méndez
Batting: LHB Arthur Hall 0-0: Ball
1-0: Ball
2-0: Called Strike
2-1: Reached on Error, E9 (Flyball, 9LM)
Batting: RHB Pepe Carrasco 0-0: Ball
1-0: Called Strike
1-1: Ball
2-1: Fielders Choice at 2nd, 1-6 (Groundball, 13)
Batting: LHB Troy Donaldson 0-0: Ball
1-0: Ball
2-0: Called Strike
2-1: Foul Ball, location: 2F
2-2: Foul Ball, location: 2F
2-2: Strikes out swinging
Batting: SHB Marvin Harris 0-0: Ball
1-0: Called Strike
1-1: Ball
2-1: Swinging Strike
2-2: Ball
3-2: Foul Ball, location: 2F
3-2: Strikes out swinging
Bottom of the 1st over - 0 run(s), 0 hit(s), 1 error(s), 1 left on base; So Cal 0 - New York 0
TOP OF THE 2ND
So Cal Henvy batting - Pitching for New York Knights : LHP Hong-ryul Yun
Batting: RHB Rubén Calderón 0-0: Called Strike
0-1: Ball
1-1: Called Strike
1-2: Ball
2-2: Ball
3-2: Strikes out swinging
Batting: RHB Morgan Gibbon 0-0: Fly out, F9 (Flyball, 89M)
Batting: SHB Derek Roach 0-0: Ball
1-0: Fly out, F8 (Flyball, 8LM)
Top of the 2nd over - 0 run(s), 0 hit(s), 0 error(s), 0 left on base; So Cal 0 - New York 0
BOTTOM OF THE 2ND
New York Knights batting - Pitching for So Cal Henvy : RHP Alejandro Méndez
Batting: LHB Pablo Rivas 0-0: Called Strike
0-1: Ball
1-1: Ball
2-1: Ground out U3 (Groundball, 3S)
Batting: RHB Sixto Vélez 0-0: Ball
1-0: Called Strike
1-1: Ball
2-1: Foul Ball, location: 2F
2-2: Ball
3-2: Foul Ball, location: 2F
3-2: Base on Balls
Batting: LHB Vincente Sáenz 0-0: SINGLE (Groundball, 6MD)
Sixto Vélez to second
Batting: RHB Lonnie Anderson 0-0: Ball
1-0: Called Strike
1-1: Foul Ball, location: 2F
1-2: Strikes out swinging
Batting: RHB Yasuhiko Sumita 0-0: Called Strike
0-1: Foul Ball, location: 2F
0-2: SINGLE (Groundball, 34)
Sixto Vélez to third
Vincente Sáenz to second
Runner from 3rd tries for Home, SAFE, no throw or cutoff
Batting: LHB Arthur Hall 0-0: Ball
1-0: Called Strike
1-1: Called Strike
1-2: Foul Ball, location: 2F
1-2: Ball
2-2: Strikes out swinging
Bottom of the 2nd over - 1 run(s), 2 hit(s), 0 error(s), 2 left on base; So Cal 0 - New York 1
TOP OF THE 3RD
So Cal Henvy batting - Pitching for New York Knights : LHP Hong-ryul Yun
Batting: RHB Gregg Nelson 0-0: Foul Ball, location: 2F
0-1: Called Strike
0-2: Foul Ball, location: 2F
0-2: Ball
1-2: Ball
2-2: SINGLE (Line Drive, 56)
Batting: LHB José Antonio Santiago 0-0: Ball
1-0: Foul Ball, location: 2F
1-1: Fly out, F4 (Popup, 4D)
Batting: RHB Edouard Padovano 0-0: Foul Ball, location: 2F
0-1: Foul Ball, location: 2F
0-2: Grounds into double play, 6-4-3 (Groundball, 6M)
Top of the 3rd over - 0 run(s), 1 hit(s), 0 error(s), 0 left on base; So Cal 0 - New York 1
BOTTOM OF THE 3RD
New York Knights batting - Pitching for So Cal Henvy : RHP Alejandro Méndez
Batting: RHB Pepe Carrasco 0-0: Swinging Strike
0-1: Ball
1-1: Ball
2-1: SINGLE (Flyball, 8RS)
Batting: LHB Troy Donaldson 0-0: Called Strike
0-1: Ball
1-1: SINGLE (Groundball, 4MD)
Pepe Carrasco to second
Runner from 2nd tries for 3rd, SAFE after rundown.
Batting: SHB Marvin Harris 0-0: Ball
Troy Donaldson steals 2nd base
1-0: Foul Ball, location: 2F
1-1: Ground out U3 (Groundball, 3S)
Batting: LHB Pablo Rivas 0-0: Ball
1-0: Swinging Strike
1-1: Foul Ball, location: 2F
1-2: Ball
2-2: Fly out, F9 (Line Drive, 9M)
Runner from 3rd tags up, SCORES, throw made
Batting: RHB Sixto Vélez 0-0: Swinging Strike
0-1: Foul Ball, location: 2F
0-2: Ball
1-2: Ball
2-2: SINGLE (Groundball, 4MD)
Troy Donaldson to third
Runner from 3rd tries for Home, SAFE, no throw or cutoff
Batting: LHB Vincente Sáenz 0-0: Ball
1-0: Ball
2-0: Foul Ball, location: 2F
2-1: SINGLE (Line Drive, 4MD)
Sixto Vélez to second
Batting: RHB Lonnie Anderson 0-0: Called Strike
0-1: Fly out, F5 (Popup, 5SF)
Bottom of the 3rd over - 2 run(s), 4 hit(s), 0 error(s), 2 left on base; So Cal 0 - New York 3
TOP OF THE 4TH
So Cal Henvy batting - Pitching for New York Knights : LHP Hong-ryul Yun
Batting: SHB Miguel González 0-0: Called Strike
0-1: Ball
1-1: Called Strike
1-2: Fly out, F8 (Flyball, 8RS)
Batting: RHB Earl Wiggins 0-0: Ball
1-0: SINGLE (Line Drive, 34)
Batting: LHB John Peterson 0-0: Grounds into double play, 6-4-3 (Groundball, 6)
Top of the 4th over - 0 run(s), 1 hit(s), 0 error(s), 0 left on base; So Cal 0 - New York 3
BOTTOM OF THE 4TH
New York Knights batting - Pitching for So Cal Henvy : RHP Alejandro Méndez
Batting: RHB Yasuhiko Sumita 0-0: Called Strike
0-1: Ball
1-1: SOLO HOME RUN (Line Drive, 7D), Distance : 388 ft
Batting: LHB Arthur Hall 0-0: Ball
1-0: Swinging Strike
1-1: Ball
2-1: Ball
3-1: Foul Ball, location: 2F
3-2: Strikes out swinging
Batting: RHB Pepe Carrasco 0-0: Ball
1-0: Hit by Pitch
Batting: LHB Troy Donaldson 0-0: Ball
1-0: SINGLE (Groundball, 4MD)
Pepe Carrasco to second
Batting: SHB Marvin Harris 0-0: Called Strike
0-1: Grounds into double play, 6-4-3 (Groundball, 6)
Bottom of the 4th over - 1 run(s), 2 hit(s), 0 error(s), 1 left on base; So Cal 0 - New York 4
TOP OF THE 5TH
So Cal Henvy batting - Pitching for New York Knights : LHP Hong-ryul Yun
Batting: RHB Rubén Calderón 0-0: Called Strike
0-1: Hit by Pitch
Batting: RHB Morgan Gibbon 0-0: Foul Ball, location: 2F
0-1: Called Strike
0-2: Ball
1-2: SINGLE (Line Drive, 8LS)
Rubén Calderón to second
Batting: SHB Derek Roach 0-0: Ball
1-0: Ball
2-0: Ball
3-0: Called Strike
3-1: SINGLE (Groundball, 6MD)
Rubén Calderón to third
Morgan Gibbon to second
Batting: RHB Gregg Nelson 0-0: Ball
1-0: Called Strike
1-1: Foul Ball, location: 2F
1-2: Ball
2-2: Strikes out swinging
Batting: LHB José Antonio Santiago 0-0: Ball
1-0: Called Strike
1-1: SINGLE (Groundball, 13) (infield hit)
Rubén Calderón scores
Morgan Gibbon to third
Derek Roach to second
Batting: RHB Edouard Padovano 0-0: Called Strike
0-1: Ball
1-1: Ball
2-1: Swinging Strike
2-2: Ball
3-2: Foul Ball, location: 2F
3-2: Fly out, F7 (Flyball, 78D)
Runner from 3rd tags up, SCORES, no throw
Batting: SHB Miguel González 0-0: Ball
1-0: Foul Ball, location: 2F
1-1: Foul Ball, location: 2F
1-2: Ball
2-2: Foul Ball, location: 2F
2-2: 3-RUN HOME RUN (Flyball, 7LD), Distance : 328 ft
Batting: RHB Earl Wiggins 0-0: Ball
1-0: TRIPLE (Line Drive, 9LD)
Batting: LHB John Peterson 0-0: Foul Ball, location: 2F
0-1: Fly out, F8 (Flyball, 8RM)
Top of the 5th over - 5 run(s), 5 hit(s), 0 error(s), 1 left on base; So Cal 5 - New York 4
BOTTOM OF THE 5TH
New York Knights batting - Pitching for So Cal Henvy : RHP Alejandro Méndez
Batting: LHB Pablo Rivas 0-0: Fly out, F6 (Popup, 56D)
Batting: RHB Sixto Vélez 0-0: Called Strike
0-1: Called Strike
0-2: Ball
1-2: Strikes out swinging
Batting: LHB Vincente Sáenz 0-0: Called Strike
0-1: Foul Ball, location: 2F
0-2: Strikes out swinging
Bottom of the 5th over - 0 run(s), 0 hit(s), 0 error(s), 0 left on base; So Cal 5 - New York 4
TOP OF THE 6TH
So Cal Henvy batting - Pitching for New York Knights : LHP Hong-ryul Yun
Batting: RHB Rubén Calderón 0-0: Ball
1-0: Ball
2-0: Called Strike
2-1: Ball
3-1: Called Strike
3-2: Strikes out swinging
Batting: RHB Morgan Gibbon 0-0: Called Strike
0-1: Ball
1-1: Foul Ball, location: 2F
1-2: Fly out, F8 (Flyball, 8RM)
Batting: SHB Derek Roach 0-0: Ball
1-0: Foul Ball, location: 2F
1-1: Swinging Strike
1-2: Ball
2-2: Strikes out swinging
Top of the 6th over - 0 run(s), 0 hit(s), 0 error(s), 0 left on base; So Cal 5 - New York 4
BOTTOM OF THE 6TH
New York Knights batting - Pitching for So Cal Henvy : RHP Alejandro Méndez
Batting: RHB Lonnie Anderson 0-0: Called Strike
0-1: Called Strike
0-2: Ground out 4-3 (Groundball, 13)
Batting: RHB Yasuhiko Sumita 0-0: Called Strike
0-1: Foul Ball, location: 2F
0-2: Ball
1-2: Ball
2-2: Fly out, F4 (Popup, 4M)
Batting: LHB Arthur Hall 0-0: Ball
1-0: SINGLE (Line Drive, 4)
Batting: RHB Pepe Carrasco 0-0: Ball
1-0: Called Strike
1-1: SINGLE (Line Drive, 4M)
Arthur Hall to second
Runner from 2nd tries for 3rd, SAFE, no throw or cutoff
Batting: LHB Troy Donaldson 0-0: Called Strike
0-1: DOUBLE (Flyball, 8LD)
Arthur Hall scores
Pepe Carrasco to third
Pitching: RHP Jim Nelson
Batting: SHB Marvin Harris 0-0: Ball
1-0: Swinging Strike
1-1: Foul Ball, location: 2F
1-2: Ball
2-2: Fly out, F7 (Line Drive, 7S)
Bottom of the 6th over - 1 run(s), 3 hit(s), 0 error(s), 2 left on base; So Cal 5 - New York 5
TOP OF THE 7TH
So Cal Henvy batting - Pitching for New York Knights : LHP Hong-ryul Yun
Batting: RHB Gregg Nelson 0-0: Foul Ball, location: 2F
0-1: Called Strike
0-2: Ball
1-2: Foul Ball, location: 2F
1-2: Foul Ball, location: 2F
1-2: Ball
2-2: Ball
3-2: Strikes out looking
Batting: LHB José Antonio Santiago 0-0: Called Strike
0-1: Ball
1-1: Ground out 3-1 (Groundball, 3)
Batting: RHB Edouard Padovano 0-0: Swinging Strike
0-1: Fly out, F9 (Flyball, 89D)
Top of the 7th over - 0 run(s), 0 hit(s), 0 error(s), 0 left on base; So Cal 5 - New York 5
BOTTOM OF THE 7TH
New York Knights batting - Pitching for So Cal Henvy : RHP Jim Nelson
Pitching: LHP Cecil Bonekamp
Batting: LHB Pablo Rivas 0-0: Ground out 4-3 (Groundball, 4)
Batting: RHB Sixto Vélez 0-0: Called Strike
0-1: Foul Ball, location: 2F
0-2: Strikes out swinging
Pitching: RHP Jerry Good
Batting: LHB Vincente Sáenz 0-0: Ball
1-0: Ground out U3 (Groundball, 3L)
Bottom of the 7th over - 0 run(s), 0 hit(s), 0 error(s), 0 left on base; So Cal 5 - New York 5
TOP OF THE 8TH
So Cal Henvy batting - Pitching for New York Knights : LHP Hong-ryul Yun
Pitching: RHP António Sánchez
Batting: SHB Miguel González 0-0: Ball
1-0: Ball
2-0: Ball
3-0: Called Strike
3-1: Reached on error, E4 (Groundball, 4)
Batting: RHB Earl Wiggins 0-0: Called Strike
0-1: Foul Ball, location: 2F
0-2: Foul Ball, location: 2F
0-2: Foul Ball, location: 2F
0-2: Ball
1-2: Strikes out swinging
Batting: LHB John Peterson 0-0: Called Strike
0-1: Ball
1-1: Ball
2-1: Ball
3-1: Foul Ball, location: 2F
3-2: SINGLE (Groundball, 56D)
Miguel González to second
Batting: RHB Rubén Calderón 0-0: Called Strike
0-1: Foul Ball, location: 2F
0-2: Strikes out looking
Batting: RHB Morgan Gibbon 0-0: Ball
1-0: Ball
2-0: Ball
3-0: Called Strike
3-1: Foul Ball, location: 2F
3-2: Base on Balls
Miguel González to third
John Peterson to second
Batting: SHB Derek Roach 0-0: Ball
1-0: Ball
2-0: Called Strike
2-1: Called Strike
2-2: Foul Ball, location: 2F
2-2: Ground out 5-3 (Groundball, 5S)
Top of the 8th over - 0 run(s), 1 hit(s), 1 error(s), 3 left on base; So Cal 5 - New York 5
BOTTOM OF THE 8TH
New York Knights batting - Pitching for So Cal Henvy : RHP Jerry Good
Batting: RHB Lonnie Anderson 0-0: Foul Ball, location: 2F
0-1: Ball
1-1: SINGLE (Line Drive, 56)
Batting: RHB Yasuhiko Sumita 0-0: SINGLE (Groundball, 4M)
Lonnie Anderson to second
Pinch Hitting: LHB Tom Waller 0-0: Ball
1-0: Swinging Strike
1-1: Foul Ball, location: 2F
1-2: Ball
2-2: 3-RUN HOME RUN (Flyball, 9LD), Distance : 326 ft
Pitching: RHP Jesse Little
Batting: RHB Pepe Carrasco 0-0: Foul Ball, location: 2F
0-1: Foul Ball, location: 2F
0-2: Strikes out swinging
Batting: LHB Troy Donaldson 0-0: Called Strike
0-1: Ball
1-1: SINGLE (Groundball, 4MD)
Batting: SHB Marvin Harris 0-0: Swinging Strike
0-1: Called Strike
Troy Donaldson steals 2nd base
0-2: Ground out 4-3 (Groundball, 13)
Troy Donaldson to third
Batting: LHB Pablo Rivas 0-0: Called Strike
0-1: Foul Ball, location: 2F
0-2: DOUBLE (Flyball, 8RXD)
Troy Donaldson scores
Batting: RHB Sixto Vélez 0-0: Called Strike
0-1: Called Strike
0-2: Ball
1-2: Ball
2-2: Fly out, F3 (Popup, 3SF)
Bottom of the 8th over - 4 run(s), 5 hit(s), 0 error(s), 1 left on base; So Cal 5 - New York 9
TOP OF THE 9TH
So Cal Henvy batting - Pitching for New York Knights : RHP António Sánchez
Now in CF: José Aguilera
Batting: RHB Gregg Nelson 0-0: Foul Ball, location: 2F
0-1: Ball
1-1: Ground out 5-3 (Groundball, 5S)
Pitching: RHP Juan Velázquez
Batting: LHB José Antonio Santiago 0-0: Called Strike
0-1: Ground out 3-1 (Groundball, 34)
Batting: RHB Edouard Padovano 0-0: Fly out, F8 (Flyball, 8RS)
Top of the 9th over - 0 run(s), 0 hit(s), 0 error(s), 0 left on base; So Cal 5 - New York 9
Monday, December 5th, 2016 - OOTP Baseball 17.12 Build 75